 Dungeon Crawl Stone Soup version 0.24-b1-44-g37ad8b309f (webtiles) character file.

Game seed: 15723216665466675558, levelgen mode: deterministic

119 Ruokin the Slasher (level 5, -3/42 HPs)
             Began as a Human Monk on Oct 24, 2019.
             Slain by a wyvern zombie (5 damage)
             ... on level 5 of the Dungeon.
             The game lasted 00:10:29 (3009 turns).

Ruokin the Slasher (Human Monk)                     Turns: 3009, Time: 00:10:30

Health: -3/42      AC: 15    Str: 12    XL:     5   Next: 24%
Magic:  5/5        EV:  0    Int: 11    God:
Gold:   128        SH:  0    Dex: 15    Spells: 4/4 levels left

rFire    . . .     SeeInvis .   a - +0 falchion
rCold    . . .     Gourm    .   (no shield)
rNeg     . . .     Faith    .   j - +0 crystal plate armour
rPois    .         Spirit   .   (no helmet)
rElec    .         Reflect  .   (no cloak)
rCorr    .         Harm     .   (no gloves)
MR       .....                  l - +0 pair of boots
Stlth    ..........             (no amulet)
HPRegen  0.14/turn              e - +1 ring of evasion
MPRegen  0.09/turn              (no ring)

@: no status effects
A: no striking features
a: no special abilities


You were on level 5 of the Dungeon.
You were very hungry.

You visited 1 branch of the dungeon, and saw 4 of its levels.

You collected 128 gold pieces.

Inventory:

Hand Weapons
 a - a +0 falchion (weapon)
Armour
 j - a +0 crystal plate armour (worn)
 l - a +0 pair of boots (worn)
Jewellery
 e - a +1 ring of evasion (left hand)
 r - a +5 ring of protection {unknown}
Scrolls
 b - 6 scrolls of enchant armour {unknown}
 f - a scroll of remove curse
 i - a scroll of teleportation {unknown}
 n - 3 scrolls of identify {unknown}
 p - 3 scrolls of enchant weapon {unknown}
Potions
 d - a potion of berserk rage {unknown}
 g - a potion of resistance {unknown}
 h - a potion of mutation {unknown}
 k - a potion of cancellation {unknown}
 m - a potion of flight {unknown}
 o - 2 potions of might {unknown}
 q - a potion of invisibility {unknown}
Comestibles
 c - 4 rations


   Skills:
 * Level 3.8 Fighting
 * Level 4.6 Long Blades
 + Level 0.9 Armour
 + Level 3.1 Dodging
 - Level 2.0 Stealth


You had 4 spell levels left.
You didn't know any spells.
Your spell library was empty.

Dungeon Overview and Level Annotations

Branches:
Dungeon (3/15)

Altars:


Message History

The wyvern zombie is heavily damaged.
The wyvern zombie bites you!
Your crystal plate armour prevents you from hitting the wyvern zombie.
The wyvern zombie is heavily damaged.
The wyvern zombie bites you but does no damage.
The wyvern zombie bites you.
* * * LOW HITPOINT WARNING * * *
You barely miss the wyvern zombie.
The wyvern zombie is heavily damaged.
The wyvern zombie bites you.
* * * LOW HITPOINT WARNING * * *
You hit the wyvern zombie but do no damage.
The wyvern zombie is heavily damaged.
The wyvern zombie bites you but does no damage.
Your crystal plate armour prevents you from hitting the wyvern zombie.
The wyvern zombie is heavily damaged.
The wyvern zombie bites you!
* * * LOW HITPOINT WARNING * * *
The wyvern zombie bites you.
You die...

.#.....##...............
........................
.....#.##.......$.#.....
.....#####........#.....
...#..####..###..........
...#........# #..........
...###.####.# #.h..#.....
....##.####.####Z####....
.............# #@.# ....
..#.........####..# .#.
..##..............# #
...#....###.......#
.................##
>....#....#.......
....#########....# #...
#....# ...


You could see a hound and a wyvern zombie.

Vanquished Creatures
  3 adders
  2 worms (D:2)
  3 dart slugs (D:1)
  5 leopard geckos
  4 giant cockroaches
  8 goblins
  6 hobgoblins
  7 jackals
  9 kobolds
  3 quokkas
  7 bats
  4 frilled lizards
  6 rats
67 creatures vanquished.

Notes
Turn   | Place    | Note
-------+----------+-------------------------------------------
     0 | D:1      | Ruokin the Human Monk began the quest for the Orb.
     0 | D:1      | Reached XP level 1. HP: 18/18 MP: 1/1
    94 | D:1      | Reached XP level 2. HP: 3/24 MP: 2/2
   590 | D:1      | Reached XP level 3. HP: 23/29 MP: 3/3
  1252 | D:2      | Reached XP level 4. HP: 36/36 MP: 4/4
  1287 | D:2      | Reached skill level 4 in Long Blades
  2330 | D:3      | Reached XP level 5. HP: 22/42 MP: 5/5
  2855 | D:3      | You fall into a shaft and drop 2 floors!
  2855 | D:5      | Entered Level 5 of the Dungeon
  3009 | D:5      | HP: 2/42 [wyvern zombie (7)]
  3009 | D:5      | Slain by a wyvern zombie

Skill      XL: |  1  2  3  4 |
---------------+-------------+-----
Long Blades    | 4 |  4.6
Fighting       | |  3.8
Armour         | |  0.9
Dodging        | |  3.1
Stealth        | |  2.0

Action                   |  1- 3 |  4- 6 || total
-------------------------+-------+-------++-------
Melee: Falchion          |   186 |   232 ||   418
  Use: Scroll            |     1 |       ||     1
  Eat: Chunk             |     1 |     2 ||     3
       Ration            |       |     1 ||     1
Armor: Robe              |     1 |       ||     1
       Chain mail        |    28 |       ||    28
       Crystal plate arm |   189 |   279 ||   468
Dodge: Dodged            |    21 |    10 ||    31
       Rpst.: Falchion   |     4 |     4 ||     8
